SAA
BETHESDA ATOMS @ LANCASTER FARMERS
09/18/2034
 
TOP OF THE 1ST
Bethesda Atoms batting - Pitching for Lancaster Farmers : RHP Ralph DePalma
Pitching: RHP Ralph DePalma
Batting: LHB Vinski Prifti 0-0: Ball
1-0: Ball
2-0: Called Strike
2-1: Fly out, F9 (Flyball, 89D)
Batting: RHB Renato Zuvic 0-0: Called Strike
0-1: Ball
1-1: Ball
2-1: Foul Ball, location: 2F
2-2: Foul Ball, location: 2F
2-2: DOUBLE (Line Drive, 78M)
Batting: LHB Thierry Honoré 0-0: Ball
Wild Pitch!
Renato Zuvic to third
1-0: Called Strike
1-1: Foul Ball, location: 2F
1-2: Ball
2-2: Ball
3-2: Fly out, F9 (Flyball, 9)
Runner from 3rd tags up, SCORES, throw made
Batting: LHB Gong Mao 0-0: Called Strike
0-1: Called Strike
0-2: Ball
1-2: Fly out, F8 (Line Drive, 8RM)
Top of the 1st over - 1 run, 1 hit, 0 errors, 0 left on base; Bethesda 1 - Lancaster 0
BOTTOM OF THE 1ST
Lancaster Farmers batting - Pitching for Bethesda Atoms : RHP Suhaila Zainuddin
Pitching: RHP Suhaila Zainuddin
Batting: LHB Barry Flauker 0-0: Ball
1-0: Called Strike
1-1: Swinging Strike
1-2: Strikes out swinging
Batting: RHB José Medina 0-0: Foul Ball, location: 2F
0-1: Foul Ball, location: 2F
0-2: Ground out 5-3 (Groundball, 5L)
Batting: RHB Domingo Altamiraño 0-0: Called Strike
0-1: Ball
1-1: Swinging Strike
1-2: Foul Ball, location: 2F
1-2: Ball
2-2: Foul Ball, location: 2F
2-2: Foul Ball, location: 2F
2-2: Ball
3-2: Foul Ball, location: 2F
3-2: Base on Balls
Batting: LHB Ramón Padilla 0-0: Foul Ball, location: 2F
0-1: SINGLE (Groundball, 4MD)
Domingo Altamiraño to second
Batting: RHB Chrysler Rodriguez 0-0: Foul Ball, location: 2F
0-1: Ball
1-1: Ground out 5-3 (Groundball, 25)
Bottom of the 1st over - 0 runs, 1 hit, 0 errors, 2 left on base; Bethesda 1 - Lancaster 0
TOP OF THE 2ND
Bethesda Atoms batting - Pitching for Lancaster Farmers : RHP Ralph DePalma
Batting: RHB José Leyva 0-0: Ball
1-0: Called Strike
1-1: Ball
2-1: Ball
3-1: Foul Ball, location: 2F
3-2: Fly out, F7 (Line Drive, 7D)
Batting: RHB Enrique Ibarra 0-0: DOUBLE (Line Drive, 8RXD)
Batting: SHB Pedro Ortega 0-0: Ball
1-0: Swinging Strike
1-1: Called Strike
1-2: Strikes out swinging
Batting: RHB Raúl Francisco 0-0: Ball
1-0: Swinging Strike
1-1: SINGLE (Flyball, 8RS)
Enrique Ibarra to third
Runner from 3rd tries for Home, SAFE, throw made home
Batting: RHB Diego Romero 0-0: Ball
1-0: Ground out 1-3 (Groundball, P)
Top of the 2nd over - 1 run, 2 hits, 0 errors, 1 left on base; Bethesda 2 - Lancaster 0
BOTTOM OF THE 2ND
Lancaster Farmers batting - Pitching for Bethesda Atoms : RHP Suhaila Zainuddin
Batting: RHB Cisco Gómez 0-0: Foul Ball, location: 2F
0-1: Foul Ball, location: 2F
0-2: Ball
1-2: Foul Ball, location: 2F
1-2: Ground out 6-3 (Groundball, 6)
Batting: LHB Mike Sanderson 0-0: Ball
1-0: Reached on error, E5 (Groundball, 25)
Batting: RHB Min-tae Yi 0-0: Ball
1-0: SINGLE (Groundball, 6D)
Mike Sanderson to third
Batting: RHB Rusty Fox 0-0: Ball
1-0: Ball
2-0: Called Strike
2-1: Fly out, F9 (Flyball, 9LMF)
Runner from 3rd tags up, SCORES, no throw
Batting: LHB Barry Flauker 0-0: Fly out, F7 (Flyball, 7LSF)
Bottom of the 2nd over - 1 run, 1 hit, 1 error, 1 left on base; Bethesda 2 - Lancaster 1
TOP OF THE 3RD
Bethesda Atoms batting - Pitching for Lancaster Farmers : RHP Ralph DePalma
Batting: LHB Vinski Prifti 0-0: Foul Ball, location: 2F
0-1: Foul Ball, location: 2F
0-2: Ball
1-2: Ground out U3 (Groundball, 3)
Batting: RHB Renato Zuvic 0-0: Ball
1-0: Called Strike
1-1: Swinging Strike
1-2: Ground out 5-3 (Groundball, 56S)
Batting: LHB Thierry Honoré 0-0: Ball
1-0: Ball
2-0: Foul Ball, location: 2F
2-1: Ball
3-1: Base on Balls
Batting: LHB Gong Mao 0-0: Ball
1-0: Ball
2-0: Foul Ball, location: 2F
2-1: Ball
3-1: Called Strike
3-2: Base on Balls
Thierry Honoré to second
Batting: RHB José Leyva 0-0: Ball
1-0: Ground out 6-3 (Groundball, 6MS)
Top of the 3rd over - 0 runs, 0 hits, 0 errors, 2 left on base; Bethesda 2 - Lancaster 1
BOTTOM OF THE 3RD
Lancaster Farmers batting - Pitching for Bethesda Atoms : RHP Suhaila Zainuddin
Batting: RHB José Medina 0-0: Ball
1-0: Swinging Strike
1-1: Ball
2-1: Swinging Strike
2-2: Foul Ball, location: 2F
2-2: Foul Ball, location: 2F
2-2: Ball
3-2: Foul Ball, location: 2F
3-2: Fly out, F9 (Line Drive, 8RS)
Batting: RHB Domingo Altamiraño 0-0: Ball
1-0: SINGLE (Groundball, 34D)
Batting: LHB Ramón Padilla 0-0: Called Strike
0-1: Ball
1-1: Ball
2-1: Ball
3-1: Base on Balls
Domingo Altamiraño to second
Batting: RHB Chrysler Rodriguez 0-0: Fielders Choice at 2nd, 5-4 (Groundball, 56)
Domingo Altamiraño to third
Batting: RHB Cisco Gómez 0-0: Ball
1-0: Foul Ball, location: 2F
1-1: Ball
2-1: Fly out, F7 (Flyball, 7D)
Bottom of the 3rd over - 0 runs, 1 hit, 0 errors, 2 left on base; Bethesda 2 - Lancaster 1
TOP OF THE 4TH
Bethesda Atoms batting - Pitching for Lancaster Farmers : RHP Ralph DePalma
Batting: RHB Enrique Ibarra 0-0: Called Strike
0-1: Ground out U3 (Groundball, 34S)
Batting: SHB Pedro Ortega 0-0: Ground out 4-3 (Groundball, 4)
Batting: RHB Raúl Francisco 0-0: Ball
1-0: Called Strike
1-1: Ground out 6-3 (Groundball, 6)
Top of the 4th over - 0 runs, 0 hits, 0 errors, 0 left on base; Bethesda 2 - Lancaster 1
BOTTOM OF THE 4TH
Lancaster Farmers batting - Pitching for Bethesda Atoms : RHP Suhaila Zainuddin
Batting: LHB Mike Sanderson 0-0: Foul Ball, location: 2F
0-1: Ball
1-1: Ball
2-1: Called Strike
2-2: Foul Ball, location: 2F
2-2: Strikes out swinging
Batting: RHB Min-tae Yi 0-0: Fly out, F9 (Flyball, 89D)
Batting: RHB Rusty Fox 0-0: Fly out, F8 (Flyball, 78D)
Bottom of the 4th over - 0 runs, 0 hits, 0 errors, 0 left on base; Bethesda 2 - Lancaster 1
TOP OF THE 5TH
Bethesda Atoms batting - Pitching for Lancaster Farmers : RHP Ralph DePalma
Batting: RHB Diego Romero 0-0: Called Strike
0-1: Ball
1-1: SINGLE (Groundball, 56D)
Batting: LHB Vinski Prifti 0-0: Called Strike
0-1: Ball
1-1: Ball
Wild Pitch!
Diego Romero to second
2-1: SINGLE (Line Drive, 4D)
Diego Romero to third
Batting: RHB Renato Zuvic 0-0: Ball
Vinski Prifti steals 2nd base
1-0: Ball
2-0: Ball
3-0: Called Strike
3-1: Foul Ball, location: 2F
3-2: Foul Ball, location: 2F
3-2: Strikes out swinging, 2-3 out at first.
Batting: LHB Thierry Honoré 0-0: Ball
1-0: Ball
2-0: Foul Ball, location: 2F
2-1: Called Strike
2-2: Strikes out swinging
Batting: LHB Gong Mao 0-0: Ball
1-0: Ball
2-0: Ball
3-0: Base on Balls
Batting: RHB José Leyva 0-0: Called Strike
0-1: Ball
1-1: Called Strike
1-2: Strikes out swinging
Top of the 5th over - 0 runs, 2 hits, 0 errors, 3 left on base; Bethesda 2 - Lancaster 1
BOTTOM OF THE 5TH
Lancaster Farmers batting - Pitching for Bethesda Atoms : RHP Suhaila Zainuddin
Batting: LHB Barry Flauker 0-0: Ball
1-0: Ball
2-0: Ball
3-0: Base on Balls
Batting: RHB José Medina 0-0: Grounds into double play, 6-4-3 (Groundball, 6)
Batting: RHB Domingo Altamiraño 0-0: Fly out, F3 (Popup, 34S)
Bottom of the 5th over - 0 runs, 0 hits, 0 errors, 0 left on base; Bethesda 2 - Lancaster 1
TOP OF THE 6TH
Bethesda Atoms batting - Pitching for Lancaster Farmers : RHP Ralph DePalma
Batting: RHB Enrique Ibarra 0-0: Ground out U3 (Groundball, 34S)
Batting: SHB Pedro Ortega 0-0: Called Strike
0-1: Ball
1-1: Ground out 6-3 (Groundball, 6)
Batting: RHB Raúl Francisco 0-0: Ball
1-0: Ball
2-0: Ball
3-0: Base on Balls
Batting: RHB Diego Romero 0-0: Ball
1-0: Ball
2-0: Called Strike
2-1: Swinging Strike
2-2: Strikes out swinging, 2-3 out at first.
Top of the 6th over - 0 runs, 0 hits, 0 errors, 1 left on base; Bethesda 2 - Lancaster 1
BOTTOM OF THE 6TH
Lancaster Farmers batting - Pitching for Bethesda Atoms : RHP Suhaila Zainuddin
Batting: LHB Ramón Padilla 0-0: Ball
1-0: Foul Ball, location: 2F
1-1: Foul Ball, location: 2F
1-2: Strikes out swinging
Batting: RHB Chrysler Rodriguez 0-0: Foul Ball, location: 2F
0-1: Ball
1-1: Ground out 5-3 (Groundball, 56)
Batting: RHB Cisco Gómez 0-0: Ball
1-0: Ball
2-0: Ball
3-0: Called Strike
3-1: Fly out, F8 (Line Drive, 8RD)
Bottom of the 6th over - 0 runs, 0 hits, 0 errors, 0 left on base; Bethesda 2 - Lancaster 1
TOP OF THE 7TH
Bethesda Atoms batting - Pitching for Lancaster Farmers : RHP Ralph DePalma
Batting: LHB Vinski Prifti 0-0: Swinging Strike
0-1: Swinging Strike
0-2: Ball
1-2: Foul Ball, location: 2F
1-2: Ball
2-2: Strikes out swinging
Batting: RHB Renato Zuvic 0-0: Fly out, F3 (Popup, 3S)
Batting: LHB Thierry Honoré 0-0: Called Strike
0-1: Ball
1-1: Ball
2-1: Foul Ball, location: 2F
2-2: Ground out 5-3 (Groundball, 56S)
Top of the 7th over - 0 runs, 0 hits, 0 errors, 0 left on base; Bethesda 2 - Lancaster 1
BOTTOM OF THE 7TH
Lancaster Farmers batting - Pitching for Bethesda Atoms : RHP Suhaila Zainuddin
Batting: LHB Mike Sanderson 0-0: Swinging Strike
0-1: Ball
1-1: Called Strike
1-2: Foul Ball, location: 2F
1-2: Foul Ball, location: 2F
1-2: Ball
2-2: Ground out 3-1 (Groundball, 34S)
Batting: RHB Min-tae Yi 0-0: Ball
1-0: Ball
2-0: Ball
3-0: Base on Balls
Batting: RHB Rusty Fox 0-0: Ball
Min-tae Yi steals 2nd base
1-0: Ball
2-0: Called Strike
2-1: Called Strike
2-2: Ball
3-2: Ground out 4-3 (Groundball, 4)
Min-tae Yi to third
Batting: LHB Barry Flauker 0-0: Foul Ball, location: 2F
0-1: Foul Ball, location: 2F
0-2: Ball
1-2: Foul Ball, location: 2F
1-2: Ground out 5-3 (Groundball, 56S)
Bottom of the 7th over - 0 runs, 0 hits, 0 errors, 1 left on base; Bethesda 2 - Lancaster 1
TOP OF THE 8TH
Bethesda Atoms batting - Pitching for Lancaster Farmers : RHP Ralph DePalma
Pitching: RHP António Rodríguez
Batting: LHB Gong Mao 0-0: Ball
1-0: Swinging Strike
1-1: Called Strike
1-2: Foul Ball, location: 2F
1-2: Ground out 3-1 (Groundball, 34)
Batting: RHB José Leyva 0-0: Foul Ball, location: 2F
0-1: Foul Ball, location: 2F
0-2: Foul Ball, location: 2F
0-2: Ground out 5-3 (Groundball, 56)
Batting: RHB Enrique Ibarra 0-0: Called Strike
0-1: Foul Ball, location: 2F
0-2: SINGLE (Line Drive, 6MD)
Pinch Hitting: LHB Rob Rodríguez 0-0: Called Strike
0-1: Ball
1-1: Fly out, F8 (Flyball, 89M)
Top of the 8th over - 0 runs, 1 hit, 0 errors, 1 left on base; Bethesda 2 - Lancaster 1
BOTTOM OF THE 8TH
Lancaster Farmers batting - Pitching for Bethesda Atoms : RHP Suhaila Zainuddin
Now at 3B: Jorge Ortíz
Now at SS: Jason Hopdown
Batting: RHB José Medina 0-0: Called Strike
0-1: Ball
1-1: Ground out 5-3 (Groundball, 56)
Batting: RHB Domingo Altamiraño 0-0: Foul Ball, location: 2F
0-1: DOUBLE (Line Drive, 89D)
Pitching: LHP Ben Olsen
Batting: LHB Ramón Padilla 0-0: Ball
1-0: Foul Ball, location: 2F
1-1: Ball
2-1: Ball
3-1: Swinging Strike
3-2: Ground out U3 (Groundball, 3)
Domingo Altamiraño to third
Pitching: RHP Bill Wallace
Batting: RHB Chrysler Rodriguez 0-0: SINGLE (Line Drive, 3D)
Domingo Altamiraño scores
Batting: RHB Cisco Gómez 0-0: Ball
1-0: Foul Ball, location: 2F
1-1: Fielders Choice at 2nd, 6-4 (Groundball, 6)
Bottom of the 8th over - 1 run, 2 hits, 0 errors, 1 left on base; Bethesda 2 - Lancaster 2
TOP OF THE 9TH
Bethesda Atoms batting - Pitching for Lancaster Farmers : RHP António Rodríguez
Pitching: RHP René Fontaine
Pinch Hitting: RHB Patrick Eggen 0-0: Ball
1-0: Called Strike
1-1: Foul Ball, location: 2F
1-2: Ground out 6-3 (Groundball, 6M)
Batting: RHB Diego Romero 0-0: Called Strike
0-1: Ball
1-1: Swinging Strike
1-2: Ball
2-2: Foul Ball, location: 2F
2-2: Foul Ball, location: 2F
2-2: Foul Ball, location: 2F
2-2: Ground out 5-3 (Groundball, 5)
Batting: LHB Vinski Prifti 0-0: Ball
1-0: Foul Ball, location: 2F
1-1: Called Strike
1-2: Strikes out swinging
Top of the 9th over - 0 runs, 0 hits, 0 errors, 0 left on base; Bethesda 2 - Lancaster 2
BOTTOM OF THE 9TH
Lancaster Farmers batting - Pitching for Bethesda Atoms : RHP Bill Wallace
Now at 3B: Bartolo Rosas
Batting: LHB Mike Sanderson 0-0: Called Strike
0-1: Ball
1-1: Fly out, F9 (Flyball, 9S)
Pinch Hitting: LHB Alfonso Pacheco 0-0: Called Strike
0-1: Swinging Strike
0-2: Foul Ball, location: 2F
0-2: Ball
1-2: Ball
2-2: Ball
3-2: Fly out, F9 (Flyball, 9D)
Batting: RHB Rusty Fox 0-0: Foul Ball, location: 2F
0-1: Ball
1-1: Foul Ball, location: 2F
1-2: Ball
2-2: Ball
3-2: Base on Balls
Batting: LHB Barry Flauker 0-0: Swinging Strike
0-1: Ball
1-1: Foul Ball, location: 2F
1-2: Foul Ball, location: 2F
1-2: SINGLE (Line Drive, 78S)
Rusty Fox to second
Batting: RHB José Medina 0-0: Called Strike
0-1: Ball
1-1: Ball
2-1: Ground out 1-3 (Groundball, P)
Bottom of the 9th over - 0 runs, 1 hit, 0 errors, 2 left on base; Bethesda 2 - Lancaster 2
TOP OF THE 10TH
Bethesda Atoms batting - Pitching for Lancaster Farmers : RHP René Fontaine
Now at 3B: Alfonso Pacheco
Batting: RHB Renato Zuvic 0-0: Ball
1-0: Foul Ball, location: 2F
1-1: Ball
2-1: Ball
3-1: Base on Balls
Batting: LHB Thierry Honoré 0-0: Called Strike
0-1: Ball
1-1: Foul Ball, location: 2F
1-2: Fly out, F9 (Flyball, 9D)
Batting: LHB Gong Mao 0-0: Foul Ball, location: 2F
0-1: Ground out 4-3 (Groundball, 34D)
Renato Zuvic to second
Batting: RHB José Leyva 0-0: Called Strike
0-1: Ball
1-1: Foul Ball, location: 2F
1-2: Ball
2-2: SINGLE (Line Drive, 6)
Renato Zuvic to third
Runner from 3rd tries for Home, SAFE, throw made home
José Leyva to second
Batting: RHB Jason Hopdown 0-0: Called Strike
0-1: Called Strike
0-2: Strikes out swinging
Top of the 10th over - 1 run, 1 hit, 0 errors, 1 left on base; Bethesda 3 - Lancaster 2
BOTTOM OF THE 10TH
Lancaster Farmers batting - Pitching for Bethesda Atoms : RHP Bill Wallace
Pitching: RHP Dragutin Petrovic
Batting: RHB Domingo Altamiraño 0-0: Called Strike
0-1: Ball
1-1: Ball
2-1: Foul Ball, location: 2F
2-2: Ball
3-2: Strikes out swinging
Batting: LHB Ramón Padilla 0-0: SINGLE (Flyball, 78S) - OUT at second base trying to stretch hit.
Batting: RHB Chrysler Rodriguez 0-0: Ball
1-0: Foul Ball, location: 2F
1-1: Ball
2-1: Foul Ball, location: 2F
2-2: SINGLE (Groundball, 56S) (infield hit)
Batting: RHB Cisco Gómez 0-0: Ball
1-0: DOUBLE (Line Drive, 7LS)
Chrysler Rodriguez to third
Runner from 3rd tries for Home, SAFE, no throw
Batting: LHB Mike Sanderson 0-0: Ball
1-0: Ball
2-0: Foul Ball, location: 2F
2-1: Ball
3-1: Foul Ball, location: 2F
3-2: Base on Balls
Batting: LHB Alfonso Pacheco 0-0: Ball
1-0: Called Strike
1-1: SINGLE (Groundball, 6MD)
Cisco Gómez to third
Mike Sanderson to second
Runner from 3rd tries for Home, SAFE, no throw
Friday, March 29th, 2019 - OOTP Baseball 18.8 Build 76